PCL
MEXICO CITY CERVECEROS @ GRESHAM GOLD SOULS
08/19/2026
 
TOP OF THE 1ST
Mexico City Cerveceros batting - Pitching for Gresham Gold Souls : RHP Butch Ramey
Pitching: RHP Butch Ramey
Batting: LHB Rubén Díaz 0-0: Ball
1-0: Foul Ball, location: 2F
1-1: Ball
2-1: Swinging Strike
2-2: Ground out 5-3 (Groundball, 56S)
Batting: RHB Pablo Trujillo 0-0: Foul Ball, location: 2F
0-1: Called Strike
0-2: Ball
1-2: Foul Ball, location: 2F
1-2: Foul Ball, location: 2F
1-2: Ball
2-2: Ball
3-2: Strikes out swinging
Batting: RHB Arnold Harmon 0-0: Swinging Strike
0-1: SINGLE (Line Drive, 89S)
Batting: LHB Luis Espinoza 0-0: Called Strike
0-1: Fly out, F6 (Line Drive, 6M)
Top of the 1st over - 0 run(s), 1 hit(s), 0 error(s), 1 left on base; Mexico City 0 - Gresham 0
BOTTOM OF THE 1ST
Gresham Gold Souls batting - Pitching for Mexico City Cerveceros : RHP José Jiménez
Pitching: RHP José Jiménez
Batting: LHB Bill Smith 0-0: Ball
1-0: Called Strike
1-1: Fly out, F7 (Flyball, 7M)
Batting: RHB Peter Hensley 0-0: Called Strike
0-1: Ball
1-1: Ball
2-1: Ball
3-1: SINGLE (Groundball, 6MD)
Batting: LHB Vicente Bueno 0-0: Called Strike
0-1: Foul Ball, location: 2F
0-2: Fly out, F7 (Flyball, 7M)
Batting: RHB Lorenzo Morín 0-0: Foul Ball, location: 2F
0-1: Foul Ball, location: 2F
0-2: 2-RUN HOME RUN (Flyball, 8RXD), Distance : 430 ft
Batting: RHB Claudio Guerra 0-0: Ball
1-0: Ball
2-0: Swinging Strike
2-1: Ball
3-1: Called Strike
3-2: Base on Balls
Batting: RHB Matt Davidson 0-0: Ball
1-0: Ball
2-0: Called Strike
2-1: Ball
3-1: Called Strike
3-2: 2-RUN HOME RUN (Flyball, 78XD), Distance : 398 ft
Batting: LHB Jeff Doss 0-0: Ball
1-0: Ball
2-0: Ground out 6-3 (Groundball, 6)
Bottom of the 1st over - 4 run(s), 3 hit(s), 0 error(s), 0 left on base; Mexico City 0 - Gresham 4
TOP OF THE 2ND
Mexico City Cerveceros batting - Pitching for Gresham Gold Souls : RHP Butch Ramey
Batting: RHB Hamilton Holbrook 0-0: Foul Ball, location: 2F
0-1: Fly out, F7 (Flyball, 7LDF)
Batting: RHB Rafael González 0-0: Ball
1-0: Swinging Strike
1-1: Ball
2-1: Ball
3-1: Base on Balls
Batting: RHB Robert Johnson 0-0: Foul Ball, location: 2F
0-1: Ball
1-1: Ball
2-1: Foul Ball, location: 2F
2-2: Strikes out swinging
Rafael González is caught stealing 2nd base
Batter strikes out.
Top of the 2nd over - 0 run(s), 0 hit(s), 0 error(s), 0 left on base; Mexico City 0 - Gresham 4
BOTTOM OF THE 2ND
Gresham Gold Souls batting - Pitching for Mexico City Cerveceros : RHP José Jiménez
Batting: RHB Pepe Medrano 0-0: Ground out 6-3 (Groundball, 6)
Batting: RHB Pablo Castillo 0-0: Called Strike
0-1: Called Strike
0-2: Ball
1-2: Fly out, F7 (Line Drive, 7S)
Batting: LHB Bill Smith 0-0: SINGLE (Line Drive, 9S)
Batting: RHB Peter Hensley 0-0: Ball
1-0: Ball
2-0: Called Strike
2-1: Swinging Strike
2-2: Ball
3-2: Foul Ball, location: 2F
3-2: Foul Ball, location: 2F
3-2: Fly out, F7 (Line Drive, 7M)
Bottom of the 2nd over - 0 run(s), 1 hit(s), 0 error(s), 1 left on base; Mexico City 0 - Gresham 4
TOP OF THE 3RD
Mexico City Cerveceros batting - Pitching for Gresham Gold Souls : RHP Butch Ramey
Batting: LHB Brandon Cummings 0-0: Ball
1-0: SINGLE (Line Drive, 34)
Batting: RHB Reynold Akker 0-0: Ball
1-0: Swinging Strike
1-1: Foul Ball, location: 2F
1-2: Ball
2-2: Foul Ball, location: 2F
2-2: SINGLE (Groundball, 5L)
Brandon Cummings to second
Batting: LHB Rubén Díaz 0-0: Called Strike
0-1: Swinging Strike
0-2: Ball
1-2: Foul Ball, location: 2F
1-2: Foul Ball, location: 2F
1-2: Strikes out swinging
Batting: RHB Pablo Trujillo 0-0: Grounds into double play, 1-6-3 (Groundball, 13)
Top of the 3rd over - 0 run(s), 2 hit(s), 0 error(s), 1 left on base; Mexico City 0 - Gresham 4
BOTTOM OF THE 3RD
Gresham Gold Souls batting - Pitching for Mexico City Cerveceros : RHP José Jiménez
Batting: LHB Vicente Bueno 0-0: Ball
1-0: SINGLE (Line Drive, 9S)
Batting: RHB Lorenzo Morín 0-0: Swinging Strike
0-1: Foul Ball, location: 2F
0-2: Strikes out looking
Batting: RHB Claudio Guerra 0-0: Ball
Vicente Bueno steals 2nd base
1-0: Called Strike
1-1: Ball
2-1: Foul Ball, location: 2F
2-2: Foul Ball, location: 2F
2-2: SINGLE (Groundball, 6MD)
Vicente Bueno to third
Batting: RHB Matt Davidson 0-0: Ball
1-0: Called Strike
1-1: Ball
2-1: Foul Ball, location: 2F
2-2: Foul Ball, location: 2F
2-2: Strikes out looking
Batting: LHB Jeff Doss 0-0: Ball
1-0: Called Strike
1-1: Foul Ball, location: 2F
1-2: Reached on error, E6 (Groundball, 6)
Vicente Bueno scores
Claudio Guerra to second
Batting: RHB Pepe Medrano 0-0: Fielders Choice at 2nd, U6 (Groundball, 6M)
Bottom of the 3rd over - 1 run(s), 2 hit(s), 1 error(s), 2 left on base; Mexico City 0 - Gresham 5
TOP OF THE 4TH
Mexico City Cerveceros batting - Pitching for Gresham Gold Souls : RHP Butch Ramey
Batting: RHB Arnold Harmon 0-0: Ball
1-0: Ball
2-0: Called Strike
2-1: Foul Ball, location: 2F
2-2: Strikes out looking
Batting: LHB Luis Espinoza 0-0: Called Strike
0-1: Ball
1-1: Foul Ball, location: 2F
1-2: Ball
2-2: Strikes out swinging
Batting: RHB Hamilton Holbrook 0-0: Ball
1-0: SINGLE (Groundball, 6M)
Batting: RHB Rafael González 0-0: Ball
1-0: Called Strike
1-1: Swinging Strike
1-2: Foul Ball, location: 2F
1-2: Strikes out swinging
Top of the 4th over - 0 run(s), 1 hit(s), 0 error(s), 1 left on base; Mexico City 0 - Gresham 5
BOTTOM OF THE 4TH
Gresham Gold Souls batting - Pitching for Mexico City Cerveceros : RHP José Jiménez
Batting: RHB Pablo Castillo 0-0: Swinging Strike
0-1: Foul Ball, location: 2F
0-2: Ball
1-2: Ball
2-2: Foul Ball, location: 2F
2-2: Ball
3-2: Base on Balls
Batting: LHB Bill Smith 0-0: Ball
1-0: Foul Ball, location: 2F
1-1: Ball
2-1: Ball
3-1: Base on Balls
Pablo Castillo to second
Batting: RHB Peter Hensley 0-0: Ball
1-0: Ball
2-0: Ball
3-0: Grounds into double play, 4-6-3 (Groundball, 4)
Pablo Castillo to third
Batting: LHB Vicente Bueno 0-0: Ball
1-0: SINGLE (Flyball, 8LS)
Pablo Castillo scores
Batting: RHB Lorenzo Morín 0-0: Called Strike
0-1: Swinging Strike
0-2: Ball
1-2: 2-RUN HOME RUN (Line Drive, 89XD), Distance : 418 ft
Batting: RHB Claudio Guerra 0-0: Ball
1-0: Fly out, F8 (Popup, 8RS)
Bottom of the 4th over - 3 run(s), 2 hit(s), 0 error(s), 0 left on base; Mexico City 0 - Gresham 8
TOP OF THE 5TH
Mexico City Cerveceros batting - Pitching for Gresham Gold Souls : RHP Butch Ramey
Batting: RHB Robert Johnson 0-0: SINGLE (Groundball, 56D)
Batting: LHB Brandon Cummings 0-0: Called Strike
0-1: Ball
1-1: Foul Ball, location: 2F
1-2: SINGLE (Line Drive, 56)
Robert Johnson to second
Batting: RHB Reynold Akker 0-0: Swinging Strike
0-1: Swinging Strike
0-2: Ball
1-2: Strikes out swinging
Batting: LHB Rubén Díaz 0-0: Foul Ball, location: 2F
0-1: Foul Ball, location: 2F
0-2: Ball
1-2: Ball
2-2: Foul Ball, location: 2F
2-2: Ball
3-2: Fielders Choice at 2nd, 5-4 (Groundball, 56)
Robert Johnson to third
Batting: RHB Pablo Trujillo 0-0: Called Strike
0-1: Ball
1-1: Ball
2-1: DOUBLE (Groundball, 3L)
Robert Johnson scores
Rubén Díaz to third
Runner from 3rd tries for Home, SAFE, no throw or cutoff
Batting: RHB Arnold Harmon 0-0: Ball
1-0: Ball
2-0: Swinging Strike
2-1: Ball
3-1: TRIPLE (Line Drive, 9LM)
Pablo Trujillo scores
Batting: LHB Luis Espinoza 0-0: Ball
1-0: Fly out, F9 (Flyball, 9D)
Top of the 5th over - 3 run(s), 4 hit(s), 0 error(s), 1 left on base; Mexico City 3 - Gresham 8
BOTTOM OF THE 5TH
Gresham Gold Souls batting - Pitching for Mexico City Cerveceros : RHP José Jiménez
Pitching: LHP Doug Starks
Batting: RHB Matt Davidson 0-0: Called Strike
0-1: Swinging Strike
0-2: Ball
1-2: Ball
2-2: Foul Ball, location: 2F
2-2: Foul Ball, location: 2F
2-2: Ball
3-2: Base on Balls
Batting: LHB Jeff Doss 0-0: Ball
1-0: Ball
2-0: Ball
3-0: Called Strike
3-1: SINGLE (Line Drive, 56D)
Matt Davidson to second
Batting: RHB Pepe Medrano 0-0: Ball
1-0: Fly out, F7 (Flyball, 7D)
Runner from 2nd tags up, SAFE at 3rd, no throw
Batting: RHB Pablo Castillo 0-0: Ball
1-0: Ball
2-0: Called Strike
2-1: Foul Ball, location: 2F
2-2: Ball
3-2: Strikes out swinging
Jeff Doss steals 2nd base
Batter strikes out.
Batting: LHB Bill Smith 0-0: Foul Ball, location: 2F
0-1: Ball
1-1: Foul Ball, location: 2F
1-2: Foul Ball, location: 2F
1-2: Strikes out swinging
Bottom of the 5th over - 0 run(s), 1 hit(s), 0 error(s), 2 left on base; Mexico City 3 - Gresham 8
TOP OF THE 6TH
Mexico City Cerveceros batting - Pitching for Gresham Gold Souls : RHP Butch Ramey
Pitching: RHP David Green
Batting: RHB Hamilton Holbrook 0-0: Called Strike
0-1: Foul Ball, location: 2F
0-2: Ball
1-2: Ball
2-2: Ground out 5-3 (Groundball, 5S)
Batting: RHB Rafael González 0-0: Ball
1-0: Ball
2-0: Ball
3-0: Base on Balls
Batting: RHB Robert Johnson 0-0: Swinging Strike
0-1: Foul Ball, location: 2F
0-2: Strikes out looking
Batting: LHB Brandon Cummings 0-0: Ball
1-0: Called Strike
1-1: Foul Ball, location: 2F
1-2: Strikes out looking
Top of the 6th over - 0 run(s), 0 hit(s), 0 error(s), 1 left on base; Mexico City 3 - Gresham 8
BOTTOM OF THE 6TH
Gresham Gold Souls batting - Pitching for Mexico City Cerveceros : LHP Doug Starks
Batting: RHB Peter Hensley 0-0: Swinging Strike
0-1: Fly out, F2 (Popup, 2RF)
Batting: LHB Vicente Bueno 0-0: Ball
1-0: Called Strike
1-1: Ball
2-1: Ground out 6-3 (Groundball, 6M)
Batting: RHB Lorenzo Morín 0-0: Ball
1-0: Ball
2-0: Called Strike
2-1: Ball
3-1: Swinging Strike
3-2: Base on Balls
Batting: RHB Claudio Guerra 0-0: Ball
1-0: Swinging Strike
1-1: Foul Ball, location: 2F
1-2: Fly out, F6 (Popup, 6D)
Bottom of the 6th over - 0 run(s), 0 hit(s), 0 error(s), 1 left on base; Mexico City 3 - Gresham 8
TOP OF THE 7TH
Mexico City Cerveceros batting - Pitching for Gresham Gold Souls : RHP David Green
Batting: RHB Reynold Akker 0-0: Called Strike
0-1: Called Strike
0-2: Ball
1-2: Strikes out swinging
Batting: LHB Rubén Díaz 0-0: Ball
1-0: Called Strike
1-1: Foul Ball, location: 2F
1-2: Strikes out swinging
Batting: RHB Pablo Trujillo 0-0: Ball
1-0: Ball
2-0: Foul Ball, location: 2F
2-1: Foul Ball, location: 2F
2-2: SINGLE (Line Drive, 8RS)
Batting: RHB Arnold Harmon 0-0: Called Strike
0-1: Ball
1-1: Foul Ball, location: 2F
1-2: Ball
2-2: Strikes out swinging
Top of the 7th over - 0 run(s), 1 hit(s), 0 error(s), 1 left on base; Mexico City 3 - Gresham 8
BOTTOM OF THE 7TH
Gresham Gold Souls batting - Pitching for Mexico City Cerveceros : LHP Doug Starks
Pitching: RHP Josh Schmitt
Batting: RHB Matt Davidson 0-0: Ball
1-0: Ball
2-0: Ball
3-0: Swinging Strike
3-1: Base on Balls
Batting: LHB Jeff Doss 0-0: Ball
1-0: Sac Bunt - play at first, batter OUT! U3
Matt Davidson to second
Batting: RHB Pepe Medrano 0-0: Swinging Strike
0-1: Foul Ball, location: 2F
0-2: Ball
1-2: Strikes out swinging
Batting: RHB Pablo Castillo 0-0: Foul Ball, location: 2F
0-1: Foul Ball, location: 2F
0-2: Ball
1-2: Ball
2-2: Ball
3-2: Ground out 1-3 (Groundball, 13)
Bottom of the 7th over - 0 run(s), 0 hit(s), 0 error(s), 1 left on base; Mexico City 3 - Gresham 8
TOP OF THE 8TH
Mexico City Cerveceros batting - Pitching for Gresham Gold Souls : RHP David Green
Pitching: RHP Jamal Clayton
Batting: LHB Luis Espinoza 0-0: Foul Ball, location: 2F
0-1: Ball
1-1: SOLO HOME RUN (Flyball, 89XD), Distance : 415 ft
Batting: RHB Hamilton Holbrook 0-0: Called Strike
0-1: Foul Ball, location: 2F
0-2: Foul Ball, location: 2F
0-2: Ball
1-2: Ball
2-2: Ball
3-2: SINGLE (Line Drive, 6M)
Batting: RHB Rafael González 0-0: Ball
1-0: Swinging Strike
1-1: Called Strike
1-2: Fly out, F9 (Flyball, 9M)
Batting: RHB Robert Johnson 0-0: Foul Ball, location: 2F
0-1: Swinging Strike
0-2: Foul Ball, location: 2F
0-2: Ball
1-2: Strikes out swinging
Batting: LHB Brandon Cummings 0-0: Ball
1-0: DOUBLE (Groundball, 3L)
Hamilton Holbrook to third
Runner from 3rd tries for Home, SAFE, no throw or cutoff
Batting: RHB Reynold Akker 0-0: Called Strike
0-1: Ball
1-1: Ball
2-1: Called Strike
2-2: Ball
3-2: Strikes out looking
Top of the 8th over - 2 run(s), 3 hit(s), 0 error(s), 1 left on base; Mexico City 5 - Gresham 8
BOTTOM OF THE 8TH
Gresham Gold Souls batting - Pitching for Mexico City Cerveceros : RHP Josh Schmitt
Batting: LHB Bill Smith 0-0: Ball
1-0: Ball
2-0: Called Strike
2-1: Ball
3-1: TRIPLE (Flyball, 7LM)
Batting: RHB Peter Hensley 0-0: Ball
1-0: Ball
2-0: SINGLE (Line Drive, 8RS)
Bill Smith scores
Batting: LHB Vicente Bueno 0-0: Fielders Choice at 2nd, 6-4 (Groundball, 6)
Batting: RHB Lorenzo Morín 0-0: Ball
Vicente Bueno is caught stealing 2nd base
1-0: Called Strike
1-1: Ball
2-1: Ball
3-1: Base on Balls
Batting: RHB Claudio Guerra 0-0: Swinging Strike
0-1: Fielders Choice at 2nd, U6 (Groundball, 6M)
Bottom of the 8th over - 1 run(s), 2 hit(s), 0 error(s), 1 left on base; Mexico City 5 - Gresham 9
TOP OF THE 9TH
Mexico City Cerveceros batting - Pitching for Gresham Gold Souls : RHP Jamal Clayton
Batting: LHB Rubén Díaz 0-0: Ground out 4-3 (Groundball, 4)
Batting: RHB Pablo Trujillo 0-0: Ball
1-0: Called Strike
1-1: Ball
2-1: Foul Ball, location: 2F
2-2: Strikes out swinging
Batting: RHB Arnold Harmon 0-0: Called Strike
0-1: Ball
1-1: Ball
2-1: Ground out 5-3 (Groundball, 5)
Top of the 9th over - 0 run(s), 0 hit(s), 0 error(s), 0 left on base; Mexico City 5 - Gresham 9
Monday, December 5th, 2016 - OOTP Baseball 17.12 Build 75